 Dungeon Crawl Stone Soup version 0.15-a0-1808-ge879653 (webtiles) character file.

1388 TROGSUCKS the Cleaver (level 8, -1/105 HPs)
             Began as a Minotaur Berserker on July 1, 2014.
             Was an Elder of Trog.
             Slain by an unseen horror (3 damage)
             ... on Level 6 of the Dungeon.
             The game lasted 00:12:03 (4649 turns).

TROGSUCKS the Cleaver (Minotaur Berserker)          Turns: 4649, Time: 00:12:04

HP  -1/105       AC  4     Str 26      XL: 8   Next: 40%
MP   3/3         EV 12     Int  4      God: Trog [****..]
Gold 210         SH  0     Dex 13      Spells:  0 memorised,  7 levels left

rFire  . . .     SeeInvis .     a - +0 hand axe
rCold  . . .     Clarity  .     m - +1 leather armour {rPois}
rNeg   . . .     rCorr    .     (no shield)
rPois  +         rRot     .     (helmet restricted)
rElec  .         Spirit   .     (no cloak)
SustAb .         Warding  .     (no gloves)
rMut   .         Stasis   .     (no boots)
Gourm  .                        (no amulet)
MR     .....                    (no ring)
                                (no ring)

@: berserking, very quick, not resistant to hostile enchantments, extremely
unstealthy
A: retaliatory headbutt, horns 2
a: Burn Spellbooks, Berserk, Trog's Hand, Brothers in Arms, Renounce Religion


You were on level 6 of the Dungeon.
You worshipped Trog.
Trog was greatly pleased with you.
You were hungry.

You visited 1 branch of the dungeon, and saw 6 of its levels.

You collected 210 gold pieces.

Inventory:

Hand weapons
 a - a +0 hand axe (weapon)
 o - a +0 blowgun
Missiles
 d - 50 stones (quivered)
Armour
 m - a +1 leather armour of poison resistance (worn)
 v - a +0 chain mail
Magical devices
 p - a wand of cold (8)
 q - a wand of teleportation (2)
Comestibles
 c - 5 bread rations
 w - 2 royal jellies
 z - 2 chunks of orc flesh
 A - a meat ration
Scrolls
 e - a scroll of teleportation {unknown}
 f - 4 scrolls of identify
 g - 3 scrolls of remove curse {unknown}
 i - 2 scrolls of recharging {unknown}
 l - a scroll of fear {unknown}
 n - 3 scrolls of fog {unknown}
 t - a scroll of enchant weapon {unknown}
 u - 2 scrolls of enchant armour {unknown}
 y - a scroll of random uselessness {unknown}
Potions
 b - 2 potions of might
 h - a potion of confusion
 j - a potion of magic {unknown}
 k - a potion of haste
 r - a potion of agility {unknown}
 s - a potion of beneficial mutation {unknown}
 x - a potion of restore abilities {unknown}


   Skills:
 + Level 6.1 Fighting
 + Level 11.7 Axes
 - Level 2.4 Armour
 - Level 2.1 Dodging


You had 7 spell levels left.
You didn't know any spells.

Dungeon Overview and Level Annotations

Branches:
Dungeon (6/15)
 Temple: D:4-7

Altars:

Shops:
D:5 =


Innate Abilities, Weirdness & Mutations

You reflexively headbutt those who attack you in melee.
You have a pair of horns on your head.


Message History

Something hits you! Something hits you.
* * * LOW HITPOINT WARNING * * *
Use which ability? (? or * to list)
A red film seems to cover your vision as you go berserk!
You feel yourself moving faster!
You feel mighty!
You are feeling hungry.
Something hits you.
* * * LOW HITPOINT WARNING * * *
Something hits you.
* * * LOW HITPOINT WARNING * * *
You closely miss something. Something hits you.
* * * LOW HITPOINT WARNING * * *
You barely miss something. You headbutt something! You hit something.
Something hits you.
* * * LOW HITPOINT WARNING * * *
You closely miss something. Your headbutt misses something. Something hits you!
* * * LOW HITPOINT WARNING * * *
You hit something but do no damage. You headbutt something. Something hits you.
You die...

.....##### #...## ##.###
##....### #..#
##.......#### ...##
###...........#..
.##.####....##...........
###.........###.....###.
##.......## ##.####
###.####.## #.#
##....###.# #@#
.#####....# #.# ## #..###
### ##.## #..# ####


There were no monsters in sight!

Vanquished Creatures
  The ghost of Vidiiot the Cutter, an average DsCK of Xom (D:3)
  Edmund (D:6)
  A black bear (D:5)
  3 ogres
  A phantom (D:5)
  2 vampire bats (D:5)
  2 crimson imps (D:5)
  2 hounds
  3 orc priests
  Natasha (thrice) (D:4)
  An orc wizard (D:3)
  5 worker ants
  Jessica (D:3)
  9 adders
  A shadow imp (D:6)
  A giant mite (D:3)
  A worm (D:3)
  An orc zombie (D:5)
  6 giant geckos
  An ooze (D:4)
  11 orcs
  4 ball pythons
  4 giant cockroaches
  9 hobgoblins
  8 jackals
  2 quokkas (D:2)
  17 bats
  2 giant newts (D:1)
  5 goblins
  A goblin zombie (D:5)
  2 jackal skeletons (D:4)
  6 kobolds
  A quokka skeleton (D:4)
  10 rats
128 creatures vanquished.

Notes
Turn   | Place    | Note
--------------------------------------------------------------
     0 | D:1      | TROGSUCKS, the Minotaur Berserker, began the quest for the Orb.
     0 | D:1      | Reached XP level 1. HP: 19/19 MP: 1/1
   245 | D:1      | Reached skill level 4 in Axes
   317 | D:1      | Reached XP level 2. HP: 26/26 MP: 1/1
  1029 | D:2      | Reached skill level 5 in Axes
  1035 | D:2      | Acquired Trog's second power
  1035 | D:2      | Reached XP level 3. HP: 23/31 MP: 2/2
  1364 | D:2      | Reached XP level 4. HP: 32/39 MP: 2/2
  1486 | D:2      | Reached skill level 6 in Axes
  1849 | D:3      | Noticed Jessica
  1853 | D:3      | Killed Jessica
  1990 | D:4      | Noticed Natasha
  1995 | D:4      | Killed Natasha
  1995 | D:4      | Reached XP level 5. HP: 34/45 MP: 2/2
  2020 | D:4      | Reached skill level 7 in Axes
  2210 | D:4      | Noticed Natasha
  2214 | D:4      | Killed Natasha
  2466 | D:3      | Reached skill level 8 in Axes
  2629 | D:3      | Reached XP level 6. HP: 37/51 MP: 3/3
  2862 | D:3      | Noticed Vidiiot's ghost (average DsCK)
  2882 | D:3      | Killed Vidiiot's ghost
  2882 | D:3      | Reached skill level 9 in Axes
  3220 | D:4      | Reached XP level 7. HP: 56/58 MP: 3/3
  3223 | D:4      | Noticed an ogre
  3229 | D:4      | Killed an ogre
  3265 | D:4      | Noticed Natasha
  3288 | D:4      | Killed Natasha
  3694 | D:5      | Entered Level 5 of the Dungeon
  3718 | D:5      | Reached skill level 10 in Axes
  3781 | D:5      | Acquired Trog's third power
  4034 | D:5      | Reached skill level 5 in Fighting
  4045 | D:5      | Reached XP level 8. HP: 68/68 MP: 3/3
  4155 | D:5      | Found Twic Shra's Jewellery Boutique.
  4190 | D:5      | Reached skill level 11 in Axes
  4437 | D:6      | Noticed Edmund
  4449 | D:6      | Killed Edmund
  4648 | D:6      | HP: 2/105 [something (11)]
  4649 | D:6      | Slain by an unseen horror

Action                   |  1- 3 |  4- 6 |  7- 9 || total
-------------------------+-------+-------+-------++-------
Melee: Hand axe          |    47 |   164 |   132 ||   343
Throw: Stone             |       |     1 |       ||     1
Invok: Berserk           |       |     4 |     4 ||     8
       Trog's Hand       |       |     3 |       ||     3
Evoke: Wand              |       |     2 |     1 ||     3
  Use: Scroll            |       |     5 |       ||     5
       Potion            |       |       |     2 ||     2
